 Dungeon Crawl Stone Soup version 0.18-b1-22-ge198996 (webtiles) character file.

1992 graki42 the Thaumaturge (level 9, -25/47 HPs)
             Began as a Deep Elf Conjurer on May 5, 2016.
             Was a Follower of Sif Muna.
             Annihilated by an orc warlord
             ... wielding a +0 war axe
              (31 damage)
             ... in a bailey.
             The game lasted 00:31:32 (6101 turns).

graki42 the Thaumaturge (Deep Elf Conjurer)         Turns: 6101, Time: 00:31:33

Health: -25/47     AC: 10    Str:  8    XL:     9   Next: 1%
Magic:  10/24      EV: 14    Int: 21    God:    Sif Muna [*.....]
Gold:   285        SH:  0    Dex: 13    Spells: 7 memorised, 6 levels left

rFire  + . .     SeeInvis .     A - +3 quarterstaff (chaos)
rCold  . . .     Gourm    .     I - +2 leather armour {rPois}
rNeg   . . .     Faith    .     (shield currently unavailable)
rPois  +         Spirit   .     o - +2 helmet
rElec  .         Dismiss  .     B - +0 cloak
rCorr  .         Reflect  .     (no gloves)
SustAt .         Harm     .     y - +0 pair of boots
MR     .....                    (no amulet)
Stlth  +++.......               w - ring of stealth
                                k - ring of protection from fire

@: about to teleport, very slightly contaminated, invisible, not resistant to
hostile enchantments, fairly stealthy
A: blurry vision 1, clumsy 1, wild magic 1
a: Channel Energy, Renounce Religion


You were in a bailey.
You worshipped Sif Muna.
Sif Muna was aware of your devotion.
You were very hungry.

You visited 1 branch of the dungeon, and saw 7 of its levels.
You also visited: Bailey.

You collected 419 gold pieces.
You spent 134 gold pieces at shops.

Inventory:

Hand Weapons
 A - a +3 quarterstaff of chaos (weapon)
Missiles
 G - 24 tomahawks of returning (quivered)
Armour
 o - a +2 helmet (worn)
 y - a +0 pair of boots (worn)
 B - a +0 cloak (worn)
 I - a +2 leather armour of poison resistance (worn)
Jewellery
 k - a ring of protection from fire (left hand)
 p - an uncursed ring of ice
 q - an uncursed ring of sustain attributes
 t - an uncursed ring of flight
 w - a ring of stealth (right hand)
 C - the ring of the Pure Stars {Ice Str+3 Stlth+}
   (You found it on level 4 of the Dungeon)

   [ring of ice]

   It enhances your ice magic, and weakens your fire magic.
   It affects your strength (+3).
   It makes you vulnerable to fire.
   It protects you from cold.
   It makes you more stealthy.
 F - an uncursed ring of resist corrosion
Wands
 J - a wand of flame (38/48)
 L - a wand of slowing (40/48)
 M - a wand of flame (24/48)
Scrolls
 e - a scroll of noise
 f - 6 scrolls of remove curse
 g - a scroll of fear
 h - 3 scrolls of teleportation
 l - a scroll of immolation
 n - 2 scrolls of recharging
 D - a scroll of fog
 H - a scroll of enchant weapon
 N - a scroll of acquirement {unknown}
 O - a scroll of enchant armour {unknown}
 P - a scroll of blinking {unknown}
Potions
 a - 3 potions of might
 d - a potion of cancellation
 j - 2 potions of agility
 m - a potion of invisibility
 r - a potion of berserk rage
 s - 2 potions of curing
 x - 2 potions of flight {unknown}
 E - 2 potions of heal wounds {unknown}
 K - 2 potions of magic {unknown}
Books
 b - a book of Conjurations

   Spells                             Type                      Level
   a - Magic Dart                     Conjuration                  1
   b - Searing Ray                    Conjuration                  2
   c - Dazzling Spray                 Conjuration/Hexes            3
   d - Fulminant Prism                Conjuration/Hexes            4
   e - Iskenderun's Mystic Blast      Conjuration                  4
   f - Iskenderun's Battlesphere      Conjuration/Charms           5
 i - a book of Flames

   Spells                             Type                      Level
   a - Flame Tongue                   Conjuration/Fire             1
   b - Throw Flame                    Conjuration/Fire             2
   c - Conjure Flame                  Conjuration/Fire             3
   d - Inner Flame                    Hexes/Fire                   3
   e - Sticky Flame                   Conjuration/Fire             4
   f - Fireball                       Conjuration/Fire             5
 Q - a book of Unlife

   Spells                             Type                      Level
   a - Recall                         Summoning/Translocation      3
   b - Animate Dead                   Necromancy                   4
   c - Control Undead                 Necromancy                   4
   d - Cigotuvi's Embrace             Necromancy                   5
   e - Death Channel                  Necromancy                   6
   f - Simulacrum                     Ice/Necromancy               6
Comestibles
 c - 4 bread rations
 u - 2 beef jerkies
 v - 4 meat rations
 z - 4 fruits


   Skills:
 + Level 1.0 Fighting
 + Level 1.1 Staves
 + Level 2.2 Armour
 + Level 5.6 Dodging
 + Level 4.3 Stealth
 + Level 0.1 Unarmed Combat
 + Level 9.0 Spellcasting
 + Level 8.6 Conjurations
 + Level 3.6 Hexes
 + Level 0.4 Fire Magic


You had 6 spell levels left.
You knew the following spells:

 Your Spells              Type           Power        Failure   Level  Hunger
a - Magic Dart            Conj           ####         1%          1    None
b - Searing Ray           Conj           ######       1%          2    None
c - Dazzling Spray        Conj/Hex       #####...     4%          3    None
d - Iskenderun's Mystic   Conj           ######..     6%          4    ##.....
e - Fulminant Prism       Conj/Hex       #####.....   17%         4    ##.....
f - Conjure Flame         Conj/Fire      #####...     10%         3    None
g - Inner Flame           Hex/Fire       ###.....     21%         3    None


Dungeon Overview and Level Annotations

Branches:
Dungeon (7/15)
 Temple: D:4-7

Altars:
Cheibriados
Dithmenos
Elyvilon
Okawaru
Qazlal
Sif Muna
Xom
Yredelemnul

Shops:
D:4 *   D:5 ?

Annotations:
D:3 graki42's ghost, amateur HaFi


Innate Abilities, Weirdness & Mutations

Scrolls take you a little longer to read.
You are clumsy. (Dex -2)
Your spells are a little harder to cast, but a little more powerful.


Message History

You see here a scroll labeled JOWACS FULASO.
N - a scroll labeled JOWACS FULASO You flicker back into view.
The orc warlord roars a battlecry!
The orc goes into a battle-frenzy!
You see here a paperback book.
Q - a book of Unlife Read which item? (? for menu, Esc to quit)
Really read with blurry vision while enemies are nearby?
You begin reading the scroll.
You continue reading the scroll.
The orc closely misses you.
As you read the scroll of teleportation, it crumbles to dust.
You feel strangely unstable.
Read which item? (? for menu, Esc to quit)
Okay, then.
Drink which item? (? for menu, Esc to quit)
You fade into invisibility!
The orc warlord hits you with a war axe!!
Ouch! That really hurt!
You die...

♣.##...o#≈.8...8.≈#....##.
♣♣.(###)###.......###(###..
♣.(.≈≈≈÷#≈≈.8...8.≈≈#.≈≈≈(.
♣..(≈≈≈)#≈.........≈#.≈≈≈..
∩...≈≈≈.#≈....∩....≈#.≈≈≈..
♣...≈≈≈.##.........##g§≈≈(.
♣...≈≈≈.#≈..8...8..≈#§§≈≈..
♣♣..###'#≈o........≈#'###..
♣.##...#≈@o8...8!)≈#(..##.
♣##...(##≈≈#####≈≈##)...##
##......####...####......#
#.........................
#..8..8.............8..8..
#.........................
##.....))................#
##...8...##'')##...8...##
##.....##.....##.....##


You could see an orc warlord and an orc.

Vanquished Creatures
  An orc knight (Bailey)
  Sigmund (D:6)
  A hippogriff (D:7)
  Edmund (D:5)
  2 orc warriors (Bailey)
  2 centaurs
  An ogre (D:7)
  Blork the orc (D:5)
  A giant frog zombie (D:5)
  Crazy Yiuf (D:3)
  Jessica (D:3)
  An iguana (D:6)
  Natasha (thrice) (D:3 D:5)
  An orc wizard (D:5)
  4 worker ants
  A hound skeleton (D:4)
  Robin (D:2)
  8 adders
  8 gnolls
  5 worms
  6 giant geckos
  14 orcs
  A ball python (D:1)
  3 giant cockroaches
  22 goblins
  7 hobgoblins
  7 jackals
  3 quokkas
  7 bats
  A giant gecko skeleton (D:6)
  6 giant newts
  19 kobolds
  5 rats
146 creatures vanquished.

Notes
Turn   | Place    | Note
--------------------------------------------------------------
     0 | D:1      | graki42 the Deep Elf Conjurer began the quest for the Orb.
     0 | D:1      | Reached XP level 1. HP: 10/10 MP: 6/6
   112 | D:1      | Reached XP level 2. HP: 15/15 MP: 1/8
   125 | D:1      | Learned a level 2 spell: Searing Ray
   493 | D:2      | Found a shimmering altar of Xom.
   493 | D:2      | Found a shimmering altar of Xom.
   494 | D:2      | Found a shimmering altar of Xom.
   494 | D:2      | Found a shimmering altar of Xom.
   494 | D:2      | Noticed Robin
   566 | D:2      | Reached skill level 5 in Conjurations
   568 | D:2      | Reached XP level 3. HP: 9/19 MP: 1/9
   738 | D:2      | Killed Robin
  1126 | D:2      | Found an iron altar of Okawaru.
  1189 | D:2      | Reached XP level 4. HP: 24/24 MP: 4/11
  1194 | D:2      | Learned a level 3 spell: Dazzling Spray
  1413 | D:3      | Noticed Natasha
  1423 | D:3      | Killed Natasha
  1426 | D:3      | Noticed graki42's ghost (amateur HaFi)
  1573 | D:3      | Noticed Natasha
  1578 | D:3      | Killed Natasha
  1578 | D:3      | Reached skill level 4 in Spellcasting
  1578 | D:3      | Reached XP level 5. HP: 24/28 MP: 6/13
  1849 | D:2      | Learned a level 4 spell: Iskenderun's Mystic Blast
  2441 | D:3      | Noticed Jessica
  2465 | D:3      | Killed Jessica
  2875 | D:3      | Found a white marble altar of Elyvilon.
  2938 | D:3      | Noticed Crazy Yiuf
  2943 | D:3      | Killed Crazy Yiuf
  2943 | D:3      | Reached skill level 5 in Spellcasting
  3062 | D:4      | Reached XP level 6. HP: 25/32 MP: 10/15
  3090 | D:4      | Got a transparent granite ring
  3092 | D:4      | Identified the ring of the Pure Stars {Ice Str+3 Stlth+} (You found it on level 4 of the Dungeon)
  3650 | D:4      | Found Uwuuduh's Assorted Antiques.
  3659 | D:4      | Bought a viscous grey potion for 19 gold pieces
  3659 | D:4      | Bought a blue potion for 19 gold pieces
  3659 | D:4      | Bought a scroll labeled GIDAENWUEGIESO for 22 gold pieces
  3659 | D:4      | Bought a scroll labeled VODIMOD GIULA for 22 gold pieces
  3659 | D:4      | Bought a sedimented yellow potion for 19 gold pieces
  3800 | D:5      | Entered Level 5 of the Dungeon
  3974 | D:5      | Found a shadowy altar of Dithmenos.
  4093 | D:5      | Found Xegini's Magic Scroll Emporium.
  4099 | D:5      | Bought a scroll of teleportation for 33 gold pieces
  4107 | D:5      | Noticed Natasha
  4110 | D:5      | Killed Natasha
  4121 | D:5      | Noticed Edmund
  4172 | D:5      | Killed Edmund
  4172 | D:5      | Reached skill level 6 in Spellcasting
  4172 | D:5      | Reached XP level 7. HP: 31/37 MP: 1/18
  4363 | D:5      | Learned a level 4 spell: Fulminant Prism
  4370 | D:5      | Noticed Blork the orc
  4380 | D:5      | Killed Blork the orc
  4380 | D:5      | Reached skill level 1 in Hexes
  4461 | D:5      | Reached skill level 5 in Dodging
  4866 | D:6      | Gained mutation: You are clumsy. (Dex -2) [potion of mutation]
  4866 | D:6      | Gained mutation: Scrolls take you a little longer to read. [potion of mutation]
  4866 | D:6      | Gained mutation: Your spells are a little harder to cast, but a little more powerful. [potion of mutation]
  4874 | D:6      | Found a basalt altar of Yredelemnul.
  4933 | D:6      | Noticed Sigmund
  4940 | D:6      | Killed Sigmund
  4940 | D:6      | Reached skill level 7 in Spellcasting
  4969 | D:6      | Found a stormy altar of Qazlal.
  4971 | D:6      | Found a deep blue altar of Sif Muna.
  4979 | D:6      | Became a worshipper of Sif Muna the Loreminder
  5024 | D:6      | Reached skill level 1 in Armour
  5194 | D:6      | Found a snail-covered altar of Cheibriados.
  5287 | D:7      | Reached XP level 8. HP: 42/42 MP: 14/21
  5399 | D:7      | Found a flagged portal.
  5404 | Bailey   | Entered a bailey
  5510 | Bailey   | Noticed an orc warlord
  5679 | Bailey   | Noticed an orc knight
  5686 | Bailey   | Learned a level 3 spell: Conjure Flame
  5690 | Bailey   | Learned a level 3 spell: Inner Flame
  5699 | Bailey   | Reached skill level 1 in Staves
  5699 | Bailey   | Reached skill level 8 in Spellcasting
  5706 | Bailey   | Killed an orc knight
  5706 | Bailey   | Reached * piety under Sif Muna
  5706 | Bailey   | Reached skill level 1 in Fighting
  5895 | Bailey   | Found a runed gate.
  5901 | Bailey   | Found a runed gate.
  5902 | Bailey   | Found a runed gate.
  5920 | Bailey   | Reached skill level 9 in Spellcasting
  5920 | Bailey   | Reached XP level 9. HP: 47/47 MP: 8/24
  6069 | Bailey   | HP: 2/47 [orc warlord/war axe (29)]
  6101 | Bailey   | Annihilated by an orc warlord

Skill      XL: |  1  2  3  4  5  6  7  8 |
---------------+-------------------------+-----
Conjurations   | 5 6 7 8 |  8.6
Spellcasting   | 4 5 6 7 9 |  9.0
Dodging        | 3 4 5 |  5.6
Stealth        | 3 4 |  4.3
Hexes          | 2 3 |  3.6
Armour         | 1 2 |  2.2
Staves         | 1 |  1.1
Fighting       | 1 |  1.0
Unarmed Combat | |  0.1
Fire Magic     | |  0.4

Action                   |  1- 3 |  4- 6 |  7- 9 || total
-------------------------+-------+-------+-------++-------
Melee: Unarmed           |     2 |       |       ||     2
       Dagger            |     1 |     2 |       ||     3
       Quarterstaff      |       |     8 |     5 ||    13
 Cast: Magic Dart        |    47 |    88 |    84 ||   219
       Searing Ray       |     4 |    18 |    10 ||    32
       Iskenderun's Myst |       |     2 |     5 ||     7
       Dazzling Spray    |       |     5 |    16 ||    21
       Conjure Flame     |       |       |     3 ||     3
       Inner Flame       |       |       |     1 ||     1
Evoke: Wand              |       |       |     3 ||     3
  Use: Scroll            |     2 |     5 |    11 ||    18
       Potion            |       |       |     3 ||     3
 Stab: Sleeping          |     1 |     1 |       ||     2
       Invisible         |       |     1 |       ||     1
  Eat: Chunk             |     1 |     4 |     6 ||    11
       Meat ration       |       |     1 |       ||     1
Armor: Robe              |     1 |    29 |       ||    30
       Leather armour    |       |     1 |    12 ||    13
Dodge: Dodged            |    10 |    80 |    52 ||   142
